[Event "*** Titled Tuesday Blitz"]
[Site "Chess.com"]
[Date "2020.05.19"]
[Round "5"]
[White "tsvet2005"]
[Black "GukeshDommaraju"]
[Result "1-0"]
[WhiteElo "2519"]
[BlackElo "2673"]
[TimeControl "180+1"]
[EndTime "12:58:37 PDT"]
[Termination "tsvet2005 won by resignation"]

1. d4 Nf6 2. c4 g6 3. Nc3 Bg7 4.
e4 d6 5. Be2 O-O 6. Be3 e5 7.
d5 Na6 8. h4 h5 9. f3 c6 10. Nh3 cxd5 11. cxd5 Bd7 12. Nf2 Rc8 13. Qd2 Nc5 14. b4 Na4 15. Nb5 Bxb5 16. Bxb5 Nc3 17. Bd3 Nh7 18. a4 Qd7 19. b5 Nxd5 20. Bxa7 Nf4 21.
O-O d5 22. Be3 Nxd3 23. Qxd3 d4 24. Bd2 Rfe8 25. Rfc1 Nf8 26. Qb3 Ne6 27. Nd3 Qe7 28.
g3 f5 29. Rxc8 Rxc8 30. Rc1 Rxc1+ 31. Bxc1 Kh7 32. Qd5 fxe4 33. fxe4 Qf6 34. Kg2 g5 35. hxg5 Nxg5 36. Bxg5 Qxg5 37. Qe6 h4 38. Qh3 Qd2+ 39. Nf2 Bf6 40. Qf5+ Kg7 41. Qd7+ Kh6 42. Qf5 Kg7 43. Qd7+ Kh6 44. Qf5 Qg5 45. Ng4+ Kg7 46. Qxg5+ Bxg5 47. Nxe5 hxg3 48. Kxg3 Bd8 49. Nd3 Kf6 50. Kf4 b6 51. e5+ Ke6 52. Ke4 Bg5 53. Kxd4 Bd2 54. Ke4 Bg5 55.
Nf4+ Kd7 56. Kf5 Bd8 57. Nd5 Ke8 58. e6 Kf8 59. Ke5 Ke8 60. Kf5 Kf8 61. e7+ Bxe7 62.
Nxe7 Kxe7 63. Ke5 Kd7 64. Kd5 Kc7 65. Ke6 1-0

[Event "*** Titled Tuesday Blitz"]
[Site "Chess.com"]
[Date "2020.05.19"]
[Round "5"]
[White "PauloCesarCosta_sad"]
[Black "Gerodot71"]
[Result "0-1"]
[WhiteElo "2207"]
[BlackElo "2432"]
[TimeControl "180+1"]
[EndTime "12:58:37 PDT"]
[Termination "Gerodot71 won on time"]

1. Nf3 d5 2. d4 Bf5 3. c4 c6 4.
Qb3 Qb6 5. Qxb6 axb6 6. cxd5 cxd5 7. Nc3 e6 8. e3 Nc6 9. Bb5 f6 10. O-O Kd7 11. Nh4 Bg4 12. h3 Bh5 13. Nf3 Ne7 14. Bd2 Nc8 15. Rfc1 Be7 16. a3 Bf7 17. Ne2 Bd6 18.
Rc2 Ne7 19. Rac1 Rhc8 20. Rd1 Bg6 21. Rcc1 Kd8 22. Nh4 Bf7 23. Nf3 g5 24. Nh2 h5 25.
Nf1 Bg6 26. Nh2 Na5 27. Rxc8+ Rxc8 28. Rc1 Nac6 29. Nf3 Bb8 30. Ne1 Be8 31. Nd3 h4 32. Bxc6 bxc6 33. Nb4 Bd6 34. Nd3 Bg6 35. Nb4 Kd7 36.
Na2 c5 37. dxc5 bxc5 38. Nac3 Rb8 39. Nd1 Nc6 40. Bc3 Be7 41. f3 Bd8 42. Kf2 Ke7 43. f4 Bb6 44. fxg5 fxg5 45. Ke1 Bd3 46. Nf2 Bf5 47.
Ng4 Kf7 48. Nh6+ Kg6 49. Nxf5 exf5 50. Kd2 Re8 51. Rf1 d4 52. exd4 cxd4 53. Bb4 Nxb4 54. axb4 Re3 55. Rf3 Re4 56. Rd3 g4 57. hxg4 fxg4 58.
b5 Kf5 59. Ra3 Re3 60. Ra6 Re6 61. Nxd4+ Bxd4 62. Rxe6 Kxe6 63. Kd3 Bb6 64. Ke4 Kf6 65. Kf4 g3 66. Kg4 Ke5 67. Kxh4 Kf4 68. Kh3 Bd8 0-1

[Event "*** Titled Tuesday Blitz"]
[Site "Chess.com"]
[Date "2020.05.19"]
[Round "5"]
[White "Ana_Berke"]
[Black "51616516516"]
[Result "0-1"]
[WhiteElo "2097"]
[BlackElo "2328"]
[TimeControl "180+1"]
[EndTime "12:58:37 PDT"]
[Termination "51616516516 won by checkmate"]

1. e4 c5 2. Nf3 e6 3. c4 Nc6 4. d4 cxd4 5. Nxd4 Nf6 6. Nc3 d6 7.
Be2 Be7 8. Be3 O-O 9. O-O Bd7 10. Qd2 Nxd4 11. Bxd4 Bc6 12. f3 a5 13. b3 Nd7 14.
Rab1 Bf6 15. a3 Bxd4+ 16. Qxd4 Qb6 17. Rfd1 Rfd8 18. Qxb6 Nxb6 19. Kf2 Kf8 20. b4 axb4 21. axb4 Na4 22. Nxa4 Bxa4 23. Rd2 Be8 24. Rbd1 Ke7 25. Ke3 Ra3+ 26. Rd3 Rda8 27. h4 h6 28. h5 b6 29. g4 R8a4 30. Rxa3 Rxa3+ 31. Rd3 Ra2 32. f4 Bc6 33. b5 Bb7 34. e5 d5 35. cxd5 Bxd5 36.
Rc3 Kd7 37. f5 Ra4 38. Rd3 Re4+ 39. Kf2 Rxe5 40. Ra3 exf5 41. Ra7+ Kd6 42. Bf3 Bxf3 43. Kxf3 fxg4+ 44. Kxg4 Ke6 45. Rc7 Rxb5 46. Rc6+ Ke5 47. Rc7 Rb4+ 48. Kf3 Kf6 49. Rc6+ Kg5 50. Rc7 Rf4+ 51.
Kg3 Rf6 52. Rc4 Kxh5 53. Rh4+ Kg6 54. Rg4+ Kh7 55. Rb4 g5 56. Rb5 Kg6 57. Kg4 Rc6 58. Kg3 h5 59. Kh3 Rc3+ 60. Kg2 Rc6 61. Kg3 f5 62.
Kg2 h4 63. Kh3 Rd6 64. Rb4 Kh5 65. Rb5 g4+ 66. Kg2 Kg5 67. Kf2 h3 68. Kg3 Rc6 69. Kh2 Kh4 70. Rxf5 g3+ 71. Kg1 Rc1+ 72. Rf1 h2+ 73.
Kg2 Rxf1 74. Kxf1 h1=Q+ 75. Ke2 Qe4+ 76. Kd2 g2 77. Kc3 g1=Q 78. Kb3 Qg3+ 79. Kb2 Qeg2+ 80. Kc1 Qe1# 0-1

[Event "*** Titled Tuesday Blitz"]
[Site "Chess.com"]
[Date "2020.05.19"]
[Round "5"]
[White "santosalberto1987"]
[Black "DenLaz"]
[Result "0-1"]
[WhiteElo "2474"]
[BlackElo "2673"]
[TimeControl "180+1"]
[EndTime "12:58:41 PDT"]
[Termination "DenLaz won by resignation"]

1. e4 e5 2. Nf3 Nc6 3. Bc4 Bc5 4. c3 Nf6 5. d3 d6 6. O-O a6 7. a4 h6 8. Nbd2 O-O 9. h3 Be6 10. Ba2 Re8 11. Re1 Ba7 12. Nf1 d5 13. Qe2 Qd7 14. Ng3 Rad8 15. Nh4 dxe4 16. dxe4 Bxa2 17.
Rxa2 Qd3 18. Qxd3 Rxd3 19. Nhf5 Red8 20. Be3 Bxe3 21. Nxe3 a5 22. Nc4 b6 23. Raa1 Nd7 24. Kf1 Nc5 25. Ke2 g6 26. f3 Nb3 27. Ra3 Nd2 28.
Rd1 Nxc4 29. Rxd3 Nxa3 30. bxa3 Kf8 31. Rxd8+ Nxd8 32. Kd3 Ke7 33. Nf1 Kd6 34. Kc4 Ne6 35.
Kb5 Nf4 36. Ne3 Ne2 37. Nd1 f6 38. Kc4 h5 39. h4 g5 40. hxg5 fxg5 41. Ne3 h4 42.
Nf5+ Ke6 43. Ne3 c6 44. Kd3 Nf4+ 45. Kd2 Kd6 46. Ke1 Kc5 47. Kf2 Nd3+ 48. Kg1 Nb2 49. Kh2 Nxa4 50. Kh3 Nxc3 51. Kg4 b5 52. Kxg5 b4 53. axb4+ axb4 54. Kxh4 b3 55. g4 b2 56.
Kg5 b1=Q 57. Kf5 Qc1 58. Ng2 Qf1 59. Nh4 Ne2 60. Kxe5 Qf2 61. Nf5 Qxf3 62. g5 Qf4+ 63. Kf6 Qxe4 64. g6 Nf4 65. g7 Nh5+ 66. Kg5 Nxg7 67.
Nxg7 Qe5+ 68. Nf5 Kb4 69. Kg4 c5 70. Ng3 c4 0-1

[Event "*** Titled Tuesday Blitz"]
[Site "Chess.com"]
[Date "2020.05.19"]
[Round "5"]
[White "atwalcb"]
[Black "AttilaTurzo"]
[Result "1-0"]
[WhiteElo "2345"]
[BlackElo "2479"]
[TimeControl "180+1"]
[EndTime "12:58:41 PDT"]
[Termination "atwalcb won by checkmate"]

1. d4 Nf6 2. Bg5 e6 3. e4 h6 4. Bxf6 Qxf6 5. c3 d6 6. Bd3 g6 7.
Nd2 Bg7 8. Ne2 Qd8 9. O-O b6 10. f4 f5 11. Qe1 O-O 12. Qg3 Qe8 13. Rae1 Qf7 14. Kh1 Bb7 15. exf5 gxf5 16. Ng1 Nd7 17. Ngf3 Nf6 18. Nh4 Kh7 19. Rxe6 Ne4 20. Bxe4 fxe4 21. f5 Bf6 22. Nxe4 Bxh4 23. Qxh4 Qxe6 24. Ng5+ Kg8 25.
Nxe6 Rf7 26. Qxh6 Rh7 27. Qg6+ Kh8 28. Ng5 Rg7 29. Qf6 Kg8 30. Ne6 Rxg2 31. d5 Bxd5 32. Nxc7 Rg6+ 33. Nxd5 Rxf6 34. Nxf6+ Kf7 35. Nd5 Re8 36.
Rf2 Re1+ 37. Kg2 Ra1 38. a3 Re1 39. Nf4 Kf6 40. Kf3 Kxf5 41. Nd3 Rb1 42. Kg2+ Kg4 43. Nb4 a5 44. h3+ Kh4 45. Nd5 Rd1 46. Nf6 Rd3 47.
Ne4 Re3 48. Nxd6 Rg3+ 49. Kf1 Kxh3 50. Ke2 Rg1 51. Ne4 Kg4 52. Ke3 Re1+ 53. Re2 Rc1 54. Nd2 Rc2 55. Nc4 Rc1 56. Nxb6 Kf5 57. Nc4 Ke6 58. Nxa5 Kd5 59. Nb3 Rh1 60. Nd2 Rh3+ 61.
Kf2 Rh2+ 62. Kf3 Rh3+ 63. Kg2 Rh4 64. Nf3 Rg4+ 65. Kf2 Rg8 66. Rd2+ Kc4 67. Nd4 Rf8+ 68. Ke2 Re8+ 69. Kd1 Rh8 70. Kc2 Rh1 71. b3+ Kc5 72.
a4 Rh3 73. Ne6+ Kc6 74. Nf4 Rf3 75. Ne2 Re3 76. Nd4+ Kc5 77. b4+ Kc4 78. Nb5 Rh3 79.
Rd4# 1-0

[Event "*** Titled Tuesday Blitz"]
[Site "Chess.com"]
[Date "2020.05.19"]
[Round "5"]
[White "CakeinSpace2002"]
[Black "tufferguy"]
[Result "1-0"]
[WhiteElo "2222"]
[BlackElo "2349"]
[TimeControl "180+1"]
[EndTime "12:58:41 PDT"]
[Termination "CakeinSpace2002 won by checkmate"]

1. Nf3 d5 2. g3 c6 3. Bg2 Bg4 4.
O-O Nf6 5. d3 e6 6. Qe1 Be7 7.
e4 O-O 8. h3 Bh5 9. Nbd2 Nbd7 10.
b3 Qb6 11. Bb2 Rad8 12. Nh4 dxe4 13. dxe4 Bb4 14. a3 Be7 15. Kh2 Nc5 16. g4 Bg6 17. Nxg6 fxg6 18. f4 Qc7 19. Kh1 Nfd7 20. Qe3 Nb6 21.
Rad1 Bd6 22. e5 Be7 23. Ne4 Nd5 24. Qg3 Nxe4 25. Bxe4 Qb6 26. Bd4 Qa6 27. c4 Nc7 28. a4 c5 29. Bb2 Qb6 30. Bc2 Na6 31. Bc3 Nb4 32. Bxb4 Qxb4 33. Qe3 Qb6 34. Qe4 Rxd1 35. Rxd1 Rd8 36. Rxd8+ Qxd8 37. Qd3 Qxd3 38. Bxd3 b6 39. Kg2 Bh4 40. Kf3 Be1 41. Be4 Kf7 42. Bc6 Ke7 43. Ke4 Bc3 44. f5 exf5+ 45. gxf5 gxf5+ 46. Kxf5 g6+ 47. Ke4 Ke6 48. Bb7 Bxe5 49.
Bc8+ Kf6 50. Bg4 h5 51. Bf3 Bc7 52. Kd5 Kg5 53. Kc6 Be5 54. Bd5 Kf4 55. Kb7 g5 56. Kxa7 g4 57. hxg4 hxg4 58. Kxb6 Bd6 59. a5 g3 60. a6 Bb8 61. Kb7 Ke3 62. Kxb8 Kd2 63. a7 Kc3 64. a8=Q Kb4 65. Qa4+ Kc3 66. Qe8 Kd4 67. Qg6 Kc3 68. Qxg3+ Kb4 69. Qc7 Ka3 70. Qxc5+ Kxb3 71. Bh1 Kc3 72. Qb5 Kd3 73. Ka7 Kd4 74. c5 Ke5 75. c6+ Kd6 76. Qd5+ Kc7 77. Qd7# 1-0

[Event "*** Titled Tuesday Blitz"]
[Site "Chess.com"]
[Date "2020.05.19"]
[Round "5"]
[White "Tapuah"]
[Black "albano87"]
[Result "1-0"]
[WhiteElo "2791"]
[BlackElo "2348"]
[TimeControl "180+1"]
[EndTime "12:58:43 PDT"]
[Termination "Tapuah won on time"]

1. e4 c5 2. Nf3 Nc6 3. Bb5 d6 4. c3 Bd7 5. d4 cxd4 6. cxd4 a6 7. Bxc6 Bxc6 8. Nc3 Nf6 9. d5 Bd7 10. Bg5 Ng4 11. O-O h6 12. Bh4 g5 13. Bg3 Bg7 14. Nd4 O-O 15. Nf5 Bxf5 16. exf5 Ne5 17. f4 Nc4 18.
fxg5 hxg5 19. Qh5 Bd4+ 20. Kh1 f6 21. Qg6+ Kh8 22. Bxd6 Qe8 23. Qh6+ Kg8 24. Bg3 Nxb2 25. Ne4 Nc4 26. Rad1 Ne3 27. Rxd4 Nxf1 28. Bf2 Rf7 29. Rd1 Rh7 30. Qg6+ Qxg6 31. fxg6 Rxh2+ 32. Kg1 Rh6 33. Kxf1 Rxg6 34. d6 Rd8 35. Rb1 Rd7 36. dxe7 Rxe7 37. Nd6 b5 38. Rc1 Rh6 39. Rc8+ Kh7 40. Bd4 Rh1+ 41. Kf2 Rd1 42. Bxf6 Rd7 43. Ne4 Rf7 44. Nxg5+ Kg6 45. Nxf7 Kxf6 46. Nh6 Rd2+ 47. Kf3 Rxa2 48. Ng4+ Kg5 49. Rc5+ Kg6 50. Ne5+ Kf6 51. g4 b4 52.
Kf4 Rf2+ 53. Nf3 b3 54. Rc6+ Kg7 55. Rxa6 b2 56. Rb6 Kf7 57. g5 Rg2 58. Kf5 Rf2 59.
Rb7+ Kg8 60. Kf4 Kf8 61. g6 Kg8 62. Kg4 Rg2+ 63. Kh5 Rf2 64. Nh4 Rh2 65. Kg5 Rf2 66. Kh6 1-0

[Event "*** Titled Tuesday Blitz"]
[Site "Chess.com"]
[Date "2020.05.19"]
[Round "5"]
[White "Bubi6"]
[Black "shav3184"]
[Result "1-0"]
[WhiteElo "2596"]
[BlackElo "2348"]
[TimeControl "180+1"]
[EndTime "12:58:46 PDT"]
[Termination "Bubi6 won by resignation"]

1. e4 e5 2. Nf3 Nc6 3. d4 exd4 4. Bc4 Nf6 5. e5 d5 6. Bb5 Ne4 7. Nxd4 Bc5 8. Be3 Bd7 9. Bxc6 bxc6 10. Nd2 Nxd2 11.
Qxd2 Bb6 12. Nb3 O-O 13. O-O Qe7 14. Qc3 f6 15. f4 Rae8 16. Bc5 Bxc5+ 17. Nxc5 Bc8 18.
Rae1 fxe5 19. Rxe5 Qd6 20. Rfe1 Rd8 21. Qd4 Qg6 22.
R1e2 Bg4 23. Rf2 Rf7 24. b4 Rdf8 25. Re1 Bf5 26. c3 Be4 27. Qe3 Re8 28. Qg3 Qxg3 29. hxg3 Rfe7 30. Rfe2 Kf7 31. Kf2 h5 32. Nxe4 dxe4 33.
Ke3 Kf6 34. Rd2 Kf5 35. Rh1 g6 36.
Rh4 a5 37. bxa5 Ra8 38. Rd4 Rxa5 39. g4+ hxg4 40. Rh8 Rxa2 41. Rf8+ Ke6 42. Rxe4+ Kd7 43. Rxe7+ Kxe7 44. Rc8 Kd7 45. Rg8 Rxg2 46. Rxg6 Rg3+ 47.
Ke4 Rxc3 48. Rg7+ Kd6 49. Rg6+ Kd7 50. Rxg4 Rc4+ 51. Ke5 Ra4 52. Rg7+ Kd8 53. f5 Ra1 54. Kf6 c5 55. Rg8+ Kd7 56. Rg7+ Kd8 57. Kf7 c4 58.
Rg4 Rc1 59. Rd4+ Kc8 60. f6 c5 61. Rd5 c3 62. Ke6 Re1+ 63. Kf7 Kb8 64. Rxc5 Re3 65. Kg7 Kb7 66. f7 Re7 67. Kf6 Kb6 68. Kxe7 Kxc5 69.
f8=Q Kb4 70. Qf4+ Kb3 71. Qc1 c2 72. Kd6 Kc3 73. Ke5 Kb3 74. Kf4 1-0

[Event "*** Titled Tuesday Blitz"]
[Site "Chess.com"]
[Date "2020.05.19"]
[Round "5"]
[White "Shield12"]
[Black "Hikaru"]
[Result "0-1"]
[WhiteElo "2822"]
[BlackElo "3191"]
[TimeControl "180+1"]
[EndTime "12:58:47 PDT"]
[Termination "Hikaru won by resignation"]

1. e4 c6 2. d4 d5 3. exd5 cxd5 4. Bd3 Nf6 5. c3 Nc6 6. h3 e5 7. dxe5 Nxe5 8. Nf3 Nxd3+ 9. Qxd3 h6 10. O-O Be7 11.
Be3 O-O 12. Nbd2 Be6 13. Nb3 Qc7 14. Rfe1 Rfe8 15. Bd4 Ne4 16. Be5 Qb6 17. Bd4 Qc7 18.
Be5 Qc8 19. Nfd4 Bh4 20. Bg3 Nxg3 21. fxg3 Bf6 22. Re2 Bd7 23. Rae1 Rxe2 24. Rxe2 Qc7 25. Qf3 Rd8 26. g4 a5 27. Nf5 Bxf5 28. Qxf5 a4 29. Nd4 a3 30. Qd3 axb2 31. Rxb2 Rc8 32. Rb3 Re8 33.
Nf3 Rd8 34. Qe3 Qa5 35. Rxb7 Qxa2 36. Nd4 Qa6 37. Rb1 Rc8 38. Rf1 Qc4 39. Rf3 Qa6 40.
Rf1 Qb6 41. Nf5 Qxe3+ 42. Nxe3 d4 43. cxd4 Bxd4 44. Rf3 Rc3 45. Kf2 g6 46. Ke2 Ra3 47. Nd5 Ra2+ 48. Kd3 Bg7 49. Ne3 Bf8 50. g3 Bc5 51. h4 Ra3+ 52. Ke2 Kg7 53. Nc4 Ra4 54. Nd2 Rxg4 55. Rd3 Be7 56. Kf3 Ra4 57. Rd7 Ra3+ 58. Kg2 Bf6 59. Ne4 Be5 60. Nd6 Rxg3+ 61. Kf2 Bxd6 62.
Rxd6 Rg4 63. h5 g5 64. Kf3 Rh4 65. Kg3 Rxh5 66. Kg4 Rh4+ 67. Kg3 Rf4 68. Rd5 Rf6 69. Rb5 Kg6 70. Kg4 h5+ 71. Kg3 h4+ 72. Kg4 Rf4+ 73. Kh3 Kh5 74. Rb8 Rf3+ 75. Kg2 Kg4 76. Rb4+ Rf4 77. Rb3 h3+ 78. Kh2 Rf2+ 79. Kg1 Ra2 80. Rb4+ Kg3 81. Rb3+ Kh4 82. Kh1 g4 83. Rb8 Ra1+ 0-1

[Event "*** Titled Tuesday Blitz"]
[Site "Chess.com"]
[Date "2020.05.19"]
[Round "5"]
[White "florianschwabeneder"]
[Black "InitiatingASC"]
[Result "1/2-1/2"]
[WhiteElo "2505"]
[BlackElo "2358"]
[TimeControl "180+1"]
[EndTime "12:58:48 PDT"]
[Termination "Game drawn by repetition"]

1. Nf3 Nf6 2. b3 e6 3. Bb2 Be7 4. g3 b6 5. Bg2 Bb7 6. O-O O-O 7. c4 c5 8. d4 cxd4 9. Qxd4 d6 10. Nc3 a6 11.
Rfd1 Nbd7 12. Ne1 Bxg2 13. Nxg2 Qc7 14. Rac1 Rfd8 15. Ne3 Rac8 16. Ne4 e5 17. Nxf6+ Nxf6 18. Qd3 Bf8 19. Nd5 Nxd5 20. Qxd5 Qc5 21. h4 Qxd5 22.
Rxd5 Rc5 23. Ba3 Rc6 24. Rcd1 f6 25. f4 Kf7 26. e4 g6 27. Kf2 h5 28. Kf3 Ke6 29.
Bc1 Be7 30. a4 Rb8 31. Be3 Rb7 32. R1d3 a5 33. Bc1 Rb8 34. Ba3 Rd8 35. Rd1 Rd7 36. Rg1 Rd8 37. g4 Rh8 38. f5+ gxf5 39. gxf5+ Kf7 40. Rd2 Rh7 41. Rdg2 Rc8 42. Bc1 Bf8 43. Be3 Rc6 44. Rg8 Ke8 45. R8g6 Kf7 46. R6g2 Ke8 47. Rd1 Kf7 48. Rg6 Be7 49. Rd5 Rh8 50. Rb5 Bd8 51. Rd5 Be7 52. Rd2 Rh7 53. Rh6 Rxh6 54. Bxh6 Rc8 55.
Rg2 Rg8 56. Rxg8 Kxg8 57. Be3 Bd8 58. Ke2 Kf7 59. Kd3 Ke7 60. Kc3 Kd7 61. b4 Kc6 62. Kb3 Bc7 63. Bf2 Bd8 64. Kc3 Be7 65. Kb3 axb4 66.
Be1 Bd8 67. Bxb4 Bc7 68. Bc3 Bd8 69. Kb4 Bc7 70. Kb3 Bd8 71. a5 bxa5 72. Bd2 Bb6 73.
Bh6 Bd8 74. Be3 Bb6 75. Bh6 Bd8 76. Be3 Bb6 77. Bh6 1/2-1/2

[Event "*** Titled Tuesday Blitz"]
[Site "Chess.com"]
[Date "2020.05.19"]
[Round "5"]
[White "TigranMukhutdinov"]
[Black "katchesskat"]
[Result "1-0"]
[WhiteElo "2467"]
[BlackElo "2241"]
[TimeControl "180+1"]
[EndTime "12:58:49 PDT"]
[Termination "TigranMukhutdinov won on time"]

1. Nf3 c5 2. g3 Nf6 3. Bg2 e6 4. O-O Be7 5. c4 a6 6. d4 cxd4 7. Nxd4 O-O 8. b3 d6 9. Bb2 Nbd7 10. Nc3 Rb8 11. a4 h6 12. a5 b6 13. Nc6 Qe8 14.
Nxb8 Nxb8 15. axb6 Nbd7 16. b7 Bxb7 17. Bxb7 Nc5 18.
Bg2 Qb8 19. Na4 Nxb3 20. Bxf6 Bxf6 21. Rb1 Qb4 22. Qxb3 Qd2 23. Qd3 Qa5 24. Nb6 Rd8 25. e4 h5 26. h4 g5 27. hxg5 Qxg5 28. Qe3 Qg7 29. Rfd1 h4 30. c5 Be5 31. c6 hxg3 32.
fxg3 Bxg3 33. c7 Rf8 34. c8=Q Rxc8 35. Nxc8 Be5 36. Ne7+ Kf8 37. Rb8+ Kxe7 38. Qa7+ Kf6 39. Rf1+ Kg6 40. Qe3 Bd4 41. Qxd4 Qxd4+ 42. Rf2 a5 43. Rg8+ Kh7 44. Rg3 a4 45. Bf1 a3 46. Rxa3 Qxe4 47.
Rg3 Qd4 48. Bd3+ f5 49. Kf1 Qa1+ 50. Kg2 Kh6 51. Rf1 Qa8+ 52. Kf2 Qa2+ 53. Be2 Qa7+ 54.
Kg2 Qb7+ 55. Bf3 Qb2+ 56. Rf2 Qc1 57. Kh3 f4 58. Rg4 e5 59. Kg2 Qe3 60. Re2 Qd3 61. Kf2 Qd4+ 62. Kf1 Qa1+ 63. Kg2 Qb1 64. Be4 Qd1 65. Bf3 Qd4 66. Kh1 Qd1+ 67. Rg1 Qxg1+ 68. Kxg1 Kg5 69. Kf2 Kf5 70. Be4+ Ke6 71. Kf3 d5 72. Bb1 Kd6 73. Rc2 d4 74. Ke4 f3 75. Kxf3 Kd5 76.
Rd2 Kc4 77. Be4 Kc3 78. Rd3+ Kc4 79. Kg4 Kc5 80. Kf5 Kd6 81. Ba8 1-0

[Event "*** Titled Tuesday Blitz"]
[Site "Chess.com"]
[Date "2020.05.19"]
[Round "5"]
[White "Anna_ChessMate"]
[Black "MITerryble"]
[Result "0-1"]
[WhiteElo "2531"]
[BlackElo "2850"]
[TimeControl "180+1"]
[EndTime "12:58:53 PDT"]
[Termination "MITerryble won on time"]

1. d4 e6 2. c4 Bb4+ 3. Bd2 Qe7 4. g3 Nf6 5. Bg2 O-O 6. Nf3 Bxd2+ 7. Nbxd2 d6 8. O-O e5 9. e4 a5 10. Re1 c5 11. dxe5 dxe5 12. Nb1 Rd8 13. Qc1 Bg4 14. Nc3 Bxf3 15. Bxf3 Nc6 16. Nd5 Qd6 17. Bg2 Nd4 18.
Qc3 Nxd5 19. exd5 f5 20. Rad1 Re8 21. b3 b6 22. a4 Re7 23. Kh1 Rae8 24. Re3 g5 25. Ree1 g4 26. f3 h5 27. fxg4 hxg4 28. Rf1 Kg7 29. Qe3 Kg6 30. Kg1 Rh8 31. Rf2 Reh7 32.
Be4 Rh5 33. Rdf1 Rf8 34. h4 Kg7 35. Bg2 Rf7 36. Be4 Rf6 37. Kg2 Rf7 38. Bb1 Rf6 39.
Qd2 Kf7 40. Qd1 Ke7 41. Bd3 Kd8 42. Bc2 Kc7 43. Qd2 Qe7 44. Bd3 Kd6 45. Qd1 Qe8 46.
Qd2 Qe7 47. Qe3 Qg7 48. Bc2 Rf7 49. Bd1 Rh7 50. Qd3 Rh5 51. Qd2 Rf6 52. Qd3 Kd7 53.
Qd2 Kc7 54. Qe3 Kd6 55. Qd2 Rf8 56. Qe3 Rhh8 57. Re1 Re8 58. Ref1 Qh6 59. Qd3 e4 60.
Qc3 e3 61. Rf4 e2 62. Bxe2 Rxe2+ 63. R1f2 Rhe8 0-1

[Event "*** Titled Tuesday Blitz"]
[Site "Chess.com"]
[Date "2020.05.19"]
[Round "5"]
[White "ketster"]
[Black "NefeLV"]
[Result "1-0"]
[WhiteElo "2362"]
[BlackElo "1828"]
[TimeControl "180+1"]
[EndTime "12:58:54 PDT"]
[Termination "ketster won by resignation"]

1. d4 g6 2. c4 Bg7 3. e4 e6 4. Nc3 Ne7 5. Nf3 d5 6. cxd5 exd5 7. e5 O-O 8. Be2 c5 9. Be3 c4 10. O-O a6 11. a4 Bd7 12. Bg5 Nbc6 13.
Nxd5 h6 14. Nf6+ Kh8 15. Bh4 g5 16. Bg3 Bf5 17. d5 Na5 18. d6 Nec6 19. Nd5 Nb3 20. Ra3 Nca5 21. Nd4 Nxd4 22. Qxd4 Qxd6 23. Bxc4 Rac8 24.
Ba2 Nc6 25. exd6 Bxd4 26. Rd1 Bxb2 27. Rb3 Be5 28. Rxb7 Bxg3 29. hxg3 Ne5 30. Ne7 Bg4 31. f3 Bh5 32. Nxc8 Rxc8 33. g4 Bg6 34. d7 Rd8 35. Rc7 Kg7 36. Bc4 Bc2 37. Rd2 Bxa4 38. Bxa6 Rxd7 39.
Rdxd7 Bxd7 40. Kf2 Be6 41. g3 Kf6 42. Be2 Nd7 43. f4 gxf4 44. gxf4 Nf8 45. f5 Bd5 46. Bf3 Bb3 47. Rc6+ Kg5 48. Kg3 Nh7 49. Rc7 Nf6 50.
Rc3 Ba2 51. Rc2 Bb3 52. Rh2 Bc4 53. Rc2 Bb3 54. Rc8 Ba2 55. Rh8 Bb3 56. Be2 Ba2 57.
Bb5 Ne4+ 58. Kf3 Nf6 59. Kg3 Bd5 60. Be2 Ne4+ 61. Kh2 Nc3 62. Rg8+ Kf6 63. Bf1 Ne4 64. Bg2 Nc3 65. Bxd5 Nxd5 66. Kg3 Ne3 67. Rh8 Nd5 68. Rxh6+ Kg7 69. Ra6 Ne7 70. Kf4 Ng8 71. g5 Nf6 72.
gxf6+ 1-0

[Event "*** Titled Tuesday Blitz"]
[Site "Chess.com"]
[Date "2020.05.19"]
[Round "5"]
[White "petrkostenko"]
[Black "OK97"]
[Result "0-1"]
[WhiteElo "2539"]
[BlackElo "2744"]
[TimeControl "180+1"]
[EndTime "12:58:55 PDT"]
[Termination "OK97 won on time"]

1. e4 e5 2. Nf3 Nc6 3. Bb5 a6 4. Ba4 b5 5. Bb3 Na5 6. d4 exd4 7. Qxd4 Bb7 8. O-O d6 9. c3 c5 10. Qe3 Nxb3 11. axb3 Nf6 12. c4 b4 13. e5 dxe5 14. Nxe5 Be7 15. Nd3 Qc7 16. Re1 O-O-O 17. Qxe7 Qxe7 18.
Rxe7 Rxd3 19. Nd2 Rhd8 20. f3 Rxd2 21. Bxd2 Rxd2 22. Rxf7 Rd7 23. Rxd7 Kxd7 24. Kf2 Ke6 25. Ke3 Nd7 26. h4 Ne5 27. Rd1 a5 28. Rd8 a4 29.
bxa4 Nxc4+ 30. Ke2 Nxb2 31. a5 Ba6+ 32. Ke1 Nd3+ 33. Kd2 c4 34. Ra8 c3+ 35. Kc2 Bc4 36. Rc8 Kd5 37. Rd8+ Kc5 38. Rxd3 Bxd3+ 39. Kxd3 Kb5 40.
f4 h5 41. f5 Kxa5 42. g4 hxg4 43. h5 g3 44. f6 gxf6 45. h6 g2 46. h7 g1=Q 47.
h8=Q Qd1+ 48. Kc4 Qf1+ 49. Kb3 Qb1+ 50. Kc4 Qe4+ 51. Kb3 Qd5+ 52. Kc2 Qd2+ 53. Kb3 Qb2+ 54. Kc4 Qe2+ 55. Kb3 Qe6+ 56. Kc2 Qf5+ 57. Kb3 Qd5+ 58.
Kc2 Qd2+ 59. Kb3 Qd1+ 60. Kc4 c2 0-1

[Event "*** Titled Tuesday Blitz"]
[Site "Chess.com"]
[Date "2020.05.19"]
[Round "5"]
[White "nihalsarin"]
[Black "fighter2jz"]
[Result "1-0"]
[WhiteElo "3018"]
[BlackElo "2753"]
[TimeControl "180+1"]
[EndTime "12:58:56 PDT"]
[Termination "nihalsarin won by resignation"]

1. c4 Nf6 2. Nc3 e5 3. e3 c6 4. Nf3 d6 5. d4 e4 6. Nd2 d5 7. Be2 Be7 8. b3 O-O 9. g4 Be6 10. Bb2 Nbd7 11. Rg1 a6 12. c5 b6 13. cxb6 Qxb6 14. Na4 Qa7 15. Rc1 Rac8 16. g5 Ne8 17. f4 exf3 18. Nxf3 Nd6 19. Nc5 Nxc5 20. dxc5 Nf5 21.
Qd3 Bxc5 22. Nd4 Bb4+ 23. Kf2 Nd6 24. Nxc6 Rxc6 25. Rxc6 Ne4+ 26. Kf3 Bc5 27. Rxc5 Nxc5 28. Qd4 f6 29. gxf6 Qc7 30. Qf4 Qxf4+ 31. Kxf4 g6 32. Rc1 Nd7 33. Rc6 Kf7 34. Rxe6 Kxe6 35. Bg4+ Kd6 36. Ba3+ Nc5 37. Kg5 h6+ 38. Kxg6 Rg8+ 39. Kxh6 Rxg4 40. Bxc5+ Ke6 41. Bd4 Kf7 42. a4 a5 43. Kh5 Rg2 44. h4 Rg1 45. Kh6 Rb1 46. h5 Rxb3 47. Kg5 Rb1 48. h6 Rg1+ 49. Kh5 Rh1+ 50. Kg5 Rg1+ 51. Kf5 Rh1 52. Ke5 Rh5+ 53. Kd6 Rxh6 54. Kxd5 Rh5+ 55. Kc6 Rf5 56. Kb6 Ke6 57. Bc3 Rf3 58. Bd4 Rf5 59. Kc6 Rd5 60. Bc5 Re5 61. Bd4 Rf5 62. Kb6 Rd5 63. Bc3 Rd3 64. Bd4 Rb3+ 65. Kxa5 Rb7 66. Ka6 Rb4 67. a5 Rb3 68. Bb6 Kxf6 69. Kb7 Ke6 70. a6 Kd5 71. a7 1-0

[Event "*** Titled Tuesday Blitz"]
[Site "Chess.com"]
[Date "2020.05.19"]
[Round "5"]
[White "umngqusho"]
[Black "NotFischer"]
[Result "1-0"]
[WhiteElo "2489"]
[BlackElo "2099"]
[TimeControl "180+1"]
[EndTime "12:58:56 PDT"]
[Termination "umngqusho won on time"]

1. e4 g6 2. d4 Bg7 3. Nf3 c6 4. Nbd2 d5 5. h3 dxe4 6. Nxe4 Nd7 7. Bd3 Ngf6 8. Nxf6+ Nxf6 9. O-O O-O 10. Re1 Bf5 11. Bxf5 gxf5 12. c3 e6 13. Bf4 Qd5 14. Be5 Rad8 15. Qb3 Qxb3 16. axb3 a6 17. Nd2 c5 18.
Nc4 Ne4 19. f3 Bxe5 20. Nxe5 Nd2 21. Ra3 cxd4 22. c4 f6 23. Nd3 e5 24. Rd1 e4 25.
Rxd2 exd3 26. b4 Rfe8 27. Raxd3 Re1+ 28. Kf2 Rb1 29. Kg3 Kf7 30. Kf4 Kg6 31. h4 h5 32.
c5 Rd5 33. Kg3 a5 34. Rxd4 Rxd4 35. Rxd4 Rxb2 36. bxa5 Rb5 37. Rd7 Rxc5 38. Rxb7 Rxa5 39. Rb8 Ra3 40. Rg8+ Kf7 41. Rh8 Kg6 42. Rg8+ Kf7 43.
Rb8 Ra4 44. Kh3 f4 45. Rb5 Kg6 46. Kh2 Rd4 47. Kg1 Ra4 48. Rd5 Rb4 49. Kf2 Ra4 50.
Ke2 Ra2+ 51. Rd2 Ra3 52. Rb2 Rc3 53. Kf2 Ra3 54. Rb4 Rc3 55. Rxf4 Rc2+ 56. Kg3 Ra2 57. Rc4 Ra3 58. Kf4 Ra2 59. g4 hxg4 60. fxg4 Rf2+ 61.
Kg3 Rf1 62. Rc6 Rg1+ 63. Kf3 Rh1 64. Kg3 Rg1+ 65. Kf4 Rh1 66. h5+ Kg7 67. Kf5 Rf1+ 68.
Ke6 Kh6 69. Rc4 Kg5 70. Kf7 Rg1 71. Kg7 f5 72. h6 fxg4 73. h7 Rh1 74. Rc5+ Kf4 75.
Rc6 g3 76. Rf6+ 1-0

[Event "*** Titled Tuesday Blitz"]
[Site "Chess.com"]
[Date "2020.05.19"]
[Round "5"]
[White "MFguimaraes"]
[Black "Dhaydon19"]
[Result "0-1"]
[WhiteElo "2505"]
[BlackElo "2722"]
[TimeControl "180+1"]
[EndTime "12:58:58 PDT"]
[Termination "Dhaydon19 won by resignation"]

1. e4 c6 2. d4 d5 3. Nd2 dxe4 4. Nxe4 Nf6 5. Nxf6+ exf6 6. Nf3 Bd6 7. h3 O-O 8.
Bd3 Re8+ 9. Be3 Nd7 10. O-O Nb6 11. c4 Bc7 12. Re1 Be6 13. Qc2 g6 14. a4 a5 15.
Rad1 Qd7 16. Bf1 Bf5 17. Qb3 Qd8 18. d5 cxd5 19. cxd5 Qd6 20. g3 Re4 21. Nd4 Bd7 22.
Nb5 Bxb5 23. Qxb5 Rb4 24. Bc5 Rxb5 25. Bxd6 Bxd6 26. axb5 a4 27. Re3 Kf8 28. h4 f5 29.
Rc1 f4 30. Rd3 fxg3 31. fxg3 Re8 32. Kf2 f5 33. h5 Kg7 34. hxg6 hxg6 35. Bg2 Kf6 36.
Re3 Rxe3 37. Kxe3 Be5 38. d6 Bxb2 39. Rc7 a3 40. d7 Ke7 41. d8=Q+ Kxd8 42. Rxb7 a2 43.
Ra7 a1=Q 44. Rxa1 Bxa1 45. g4 Nc4+ 46. Kf4 fxg4 47. Kxg4 Ke7 48. Be4 Kf6 49. Kf4 g5+ 50. Kg3 Be5+ 51. Kg4 Bf4 52. Kh3 Ne5 53. b6 Nd7 54. b7 Nc5 55. Bc6 Ke5 56. Kg4 Kd4 57. Bf3 Kc4 58. Kf5 Na6 59. Kf6 Nb8 60. Ke7 Kd4 61.
Kd8 Ke3 62. Bg4 Kd4 63. Kc8 Kc5 64. Kd8 Kb6 65. Kc8 Ka7 66. Bf3 Na6 67. Kd8 Nc5 68.
Kc8 Ne6 69. Bd5 Nd4 70. Be4 Nb5 71. Bd3 Nd6+ 72. Kd7 Nxb7 73. Ke6 Nc5+ 74. Kf5 Nxd3 0-1